 Dungeon Crawl Stone Soup version 0.21.1-1-g345015f (webtiles) character file.

10 inc the Ducker (level 2, -5/12 HPs)
             Began as a Felid Transmuter on Mar 6, 2018.
             Killed from afar by Natasha (10 damage)
             ... with a magic dart
             ... on level 1 of the Dungeon.
             The game lasted 00:00:44 (364 turns).

inc the Ducker (Felid Transmuter)                    Turns: 364, Time: 00:00:44

Health: -5/12      AC:  1    Str:  6    XL:     2   Next: 10%
Magic:  6/6        EV: 19    Int: 14    God:
Gold:   53         SH:  0    Dex: 16    Spells: 4/5 levels left
                                        Lives:  0   Deaths: 0

rFire    . . .     SeeInvis +     - Unarmed
rCold    . . .     Gourm    .   (shield unavailable)
rNeg     . . .     Faith    .   (armour unavailable)
rPois    .         Spirit   .   (helmet unavailable)
rElec    .         Reflect  .   (cloak unavailable)
rCorr    .         Harm     .   (gloves unavailable)
MR       .....                  (boots unavailable)
Stlth    ++........             (no amulet)
HPRegen  0.04/turn              (no ring)
MPRegen  0.10/turn              (no ring)

@: quick
A: very small, no armour, no weapons or thrown items, stealth, claws 1, fangs 3,
see invisible, carnivore, speed 1, shaggy fur 1, slow metabolism 1, sharp paws
a: no special abilities


You were on level 1 of the Dungeon.
You were not hungry.

You visited 1 branch of the dungeon, and saw 2 of its levels.

You collected 53 gold pieces.

Inventory:

Missiles
 a - 12 arrows
Scrolls
 f - a scroll of identify {unknown}
Potions
 d - 2 potions of mutation {unknown}
 e - 2 potions of curing {unknown}
Books
 b - a book of Changes

   Spells                             Type                      Level
   a - Beastly Appendage              Transmutation                1
   b - Sticks to Snakes               Transmutation                2
   c - Spider Form                    Transmutation/Poison         3
   d - Ice Form                       Ice/Transmutation            4
   e - Blade Hands                    Transmutation                5
Comestibles
 c - 2 rations


   Skills:
 - Level 1.0 Fighting
 + Level 3.8 Dodging
 - Level 3.0 Unarmed Combat
 - Level 2.0 Spellcasting
 - Level 2.1 Transmutations


You had 4 spell levels left.
You knew the following spells:

 Your Spells              Type           Power        Failure   Level  Hunger
a - Beastly Appendage     Tmut           #.....       10%         1    ##.....


Dungeon Overview and Level Annotations

Branches:
Dungeon (2/15)

Altars:

Annotations:
D:1 Natasha
D:2 Terence


Innate Abilities, Weirdness & Mutations

You cannot wear armour.
You are incapable of wielding weapons or throwing items.
Your paws allow you to move quietly. (Stealth)
You have sharp claws.
You have razor-sharp teeth.
You have supernaturally acute eyesight. (SInv)
You are carnivorous and can eat meat at any time.
You cover ground quickly.
You are covered in fur. (AC +1)
You have a slow metabolism.
Your sharp claws are effective at attacking unaware monsters.


Message History

The bat completely misses you. The hobgoblin misses you. Natasha misses you.
You climb upwards.
There is a stone staircase leading down here.
Unknown command.
You scratch Natasha but do no damage. The hobgoblin hits you with a club.
Natasha completely misses you.
You scratch the hobgoblin but do no damage.
The hobgoblin is lightly wounded.
The hobgoblin closely misses you.
You closely miss the hobgoblin.
The hobgoblin is lightly wounded.
Natasha howls an incantation.
Natasha glows brightly for a moment.
Natasha claws you.
You scratch the hobgoblin.
The hobgoblin is severely wounded.
Natasha casts a spell at you. The magic dart hits you!
Ouch! That really hurt!
You die...

#...............#.#.#.#.
#............#.##.#.#.#.
#...............#†#.#.#.
#...............#.#.#.#.
#............#..#.#.....
#...............#+###†##
#............÷.....##.#
#....##.h...#.......##.##
#.... #.@...#............
#.......g...#.##+#+#.##.#
...........#.# ...##.#
...........#.# #.####.#
...........#.# #. ...
.......#####.# # ###
....... .......


You could see Natasha and a hobgoblin.

Vanquished Creatures
  4 jackals (D:1)
  2 bats (D:1)
  2 frilled lizards (D:1)
  A goblin (D:1)
  2 rats (D:1)
11 creatures vanquished.

Notes
Turn   | Place    | Note
-------+----------+-------------------------------------------
     0 | D:1      | inc the Felid Transmuter began the quest for the Orb.
     0 | D:1      | Reached XP level 1. HP: 9/9 MP: 4/4
   179 | D:1      | Reached XP level 2. HP: 7/12 MP: 6/6
   324 | D:2      | Noticed Terence
   351 | D:2      | Noticed Natasha
   364 | D:1      | Killed from afar by Natasha

Skill      XL: |  1 |
---------------+----+-----
Dodging        | 3 |  3.8
Fighting       | |  1.0
Unarmed Combat | |  3.0
Spellcasting   | |  2.0
Transmutations | |  2.1

Action                   || total
-------------------------++-------
Melee: Unarmed           ||    41
       Bite              ||     3
       Punch             ||     1
 Stab: Sleeping          ||     2
Dodge: Dodged            ||    46
